 Dungeon Crawl Stone Soup version 0.19.4-10-g532645f (webtiles) character file.

13552 galech the Blocker (level 12, -4/70 HPs)
             Began as a Gargoyle Fighter on Feb 23, 2017.
             Was a High Priest of Makhleb.
             Slain by Rupert
             ... wielding a +3 great mace of holy wrath
              (21 damage)
             ... on level 3 of the Lair of Beasts.
             The game lasted 00:26:44 (12287 turns).

galech the Blocker (Gargoyle Fighter)              Turns: 12287, Time: 00:26:44

Health: -4/70      AC: 33    Str: 29      XL:     12   Next: 7%
Magic:  12/12      EV: 17    Int: 12      God:    Makhleb [*****.]
Gold:   938        SH: 14    Dex: 13 (14) Spells: 0 memorised, 11 levels left

rFire  . . .     SeeInvis .     S - +7 flail (crush)
rCold  + . .     Gourm    +     T - +2 plate armour {rC+}
rNeg   + . .     Faith    .     c - +1 shield
rPois  ∞         Spirit   .     M - +0 helmet
rElec  +         Reflect  .     G - +2 cloak
rCorr  .         Harm     .     (no gloves)
MR     .....     Rnd*Rage +     u - +0 pair of boots
Stlth  +.........               p - amulet of the gourmand
                                A - +3 ring of evasion
                                H - +2 ring of evasion

@: mighty, agile, studying Stealth
A: claws 1, molten scales 1, berserk 1, blurry vision 1, clever 1, deterioration
1, frail 1, negative energy resistance 1, electricity resistance, unbreathing,
petrification resistance, rot immunity, AC +8
a: Minor Destruction, Lesser Servant of Makhleb, Major Destruction, Greater
Servant of Makhleb, Renounce Religion


You were on level 3 of the Lair of Beasts.
You worshipped Makhleb.
Makhleb was extremely pleased with you.
You were completely stuffed.

You visited 3 branches of the dungeon, and saw 15 of its levels.

You collected 938 gold pieces.

Inventory:

Hand Weapons
 y - a +6 mace
 z - a +0 mace of holy wrath
 S - a +7 flail of crushing (weapon)
Armour
 b - a +0 scale mail
 c - a +1 shield (worn)
 u - a +0 pair of boots (worn)
 G - a +2 cloak (worn)
 M - a +0 helmet (worn)
 N - the +1 leather armour of Courage {rC+ Str+2 Int+2}
   (You found it on level 2 of the Lair of Beasts)

   It affects your strength (+2).
   It affects your intelligence (+2).
   It protects you from cold.
 Q - a +3 leather armour of cold resistance
 T - a +2 plate armour of cold resistance (worn)
Jewellery
 i - an uncursed ring of magical power
 p - an amulet of the gourmand (around neck)
 w - a +2 ring of strength
 A - a +3 ring of evasion (right claw)
 B - an uncursed ring of protection from fire
 D - an uncursed ring of stealth
 H - a +2 ring of evasion (left claw)
Wands
 J - a wand of slowing (20/48)
 K - a wand of polymorph (18/24)
 W - a wand of heal wounds (2/9)
Scrolls
 m - a scroll of fear
 r - 6 scrolls of remove curse
 x - 2 scrolls of random uselessness
 C - 4 scrolls of recharging
 E - 3 scrolls of magic mapping
 I - a scroll of teleportation
 L - a scroll of immolation
 O - 2 scrolls of fog
 P - a scroll of identify
 R - a scroll of blinking
Potions
 a - a potion of cancellation
 d - 4 potions of might
 e - a potion of brilliance
 g - a potion of lignification
 l - 2 potions of magic
 o - 2 potions of flight
 q - 5 potions of curing
 t - 3 potions of resistance
 V - 2 potions of degeneration
Books
 v - a manual of Stealth
 F - a book of Battle

   Spells                             Type                      Level
   a - Infusion                       Charms                       1
   b - Shroud of Golubria             Charms/Translocation         2
   c - Song of Slaying                Charms                       2
   d - Spectral Weapon                Hexes/Charms                 3
   e - Regeneration                   Charms/Necromancy            3
Comestibles
 f - 13 bread rations
 h - 4 meat rations
 j - 12 slices of pizza
 k - 3 beef jerkies
 n - 8 fruits
 U - 3 chunks of flesh


   Skills:
 + Level 10.4 Fighting
 + Level 9.6 Maces & Flails
 + Level 10.4 Armour
 - Level 0.4 Dodging
 + Level 9.0 Stealth
 + Level 10.7 Shields


You had 11 spell levels left.
You didn't know any spells.

Dungeon Overview and Level Annotations

Branches:
Dungeon (11/15)            Temple (1/1) D:5            Lair (3/6) D:9
 Spider (0/4) Lair:2          Orc (0/2) D:10
  Swamp: Lair:2-4    Shoals: Lair:2-4

Altars:
Cheibriados
Elyvilon
Fedhas
Gozag
Hepliaklqana
Kikubaaqudgha
Makhleb
Nemelex Xobeh
Okawaru
Qazlal
Ru
Sif Muna
Trog
Uskayaw
Vehumet
Xom
Zin
The Shining One

Annotations:
Lair:3 Rupert


Innate Abilities, Weirdness & Mutations

You are resistant to torment.
Your stone body is resilient. (AC +8)
You are immune to poison.
You resist negative energy. (rN+)
You are resistant to electric shocks. (rElec)
You can survive without breathing.
You are immune to petrification.
You are immune to rotting.
You have sharp fingernails.
You are partially covered in molten scales. (AC +2)
You tend to lose your temper in combat.
Scrolls take you a little longer to read.
Your mind is acute. (Int +2)
Your body sometimes deteriorates upon taking damage.
You are frail. (-10% HP)


Message History

Rupert is lightly wounded.
You block the spiny frog's attack.
Rupert hits you with a great mace of holy wrath!
You block the spiny frog's attack.
You hit Rupert.
Rupert is lightly wounded.
Rupert hits you but does no damage. You block the spiny frog's attack.
Rupert rages.
Okay, then.
You feel very mighty all of a sudden. You block Rupert's attack.
The spiny frog barely misses you.
You feel agile all of a sudden.
Rupert hits you with a great mace of holy wrath!!
* * * LOW HITPOINT WARNING * * *
The spiny frog stings you but does no damage.
You block Rupert's attack.
You hear a shout!
Rupert rages.
Rupert hits you with a great mace of holy wrath!!
You die...

....[............ ..
...................
#.###............. ###
#...####..##.# .. ###
#...###....#.##... ..#
#.................
..##....#........#
..###...#.......!## ..
.####...##..F###@.#....
....#.......###@........
........................
........................
P#.###..##.###.#.#######
#### ### ### #####


You could see Rupert (berserk).

Vanquished Creatures
  A hydra (Lair:1)
  A hill giant (D:11)
  An orb spider (Lair:2)
  A centaur zombie (D:10)
  5 spiny frogs
  3 komodo dragons
  A polar bear (Lair:2)
  A two-headed ogre (D:11)
  A hippogriff (D:9)
  A vampire (D:11)
  2 wyverns
  7 yaks
  A hungry ghost (D:9)
  A human (D:9)
  2 steam dragons (D:10)
  3 water moccasins (Lair:1)
  4 porcupines
  3 black bears
  2 orc warriors (D:11)
  5 ice beasts
  A necrophage (D:8)
  3 phantoms
  2 ogres (D:6)
  4 wolves (Lair:2)
  4 centaurs
  3 crocodiles
  15 bullfrogs
  2 big kobolds
  A gnoll sergeant (D:8)
  A wyvern skeleton (D:7)
  3 scorpions
  A water moccasin skeleton (D:9)
  15 killer bees
  5 wights (D:11)
  4 crimson imps
  A quasit (D:5)
  7 hounds
  3 jellies
  9 orc priests
  9 orc wizards
  Jessica (D:3)
  2 iguanas
  10 worker ants
  2 hound skeletons
  2 worker ant zombies
  5 gnolls (D:8)
  A howler monkey skeleton (D:9)
  11 adders
  A shadow imp (D:7)
  An ooze (D:4)
  6 adder skeletons
  6 worms
  A dart slug (D:4)
  5 leopard geckos
  45 orcs
  9 bats
  7 giant cockroaches
  8 hobgoblins
  2 jackals (D:6)
  24 kobolds
  3 quokkas
  2 ball pythons
  7 frilled lizards
  8 goblins
  2 leopard gecko skeletons
  A leopard gecko zombie (D:5)
  2 rats
313 creatures vanquished.

Notes
Turn   | Place    | Note
-------+----------+-------------------------------------------
     0 | D:1      | galech the Gargoyle Fighter began the quest for the Orb.
     0 | D:1      | Reached XP level 1. HP: 14/14 MP: 1/1
   238 | D:1      | Reached XP level 2. HP: 15/19 MP: 2/2
   808 | D:1      | Reached XP level 3. HP: 23/23 MP: 3/3
  1067 | D:2      | Found a glowing golden altar of the Shining One.
  1321 | D:2      | Reached XP level 4. HP: 26/28 MP: 4/4
  1993 | D:2      | Reached XP level 5. HP: 8/33 MP: 5/5
  2278 | D:3      | Noticed Jessica
  2283 | D:3      | Killed Jessica
  2505 | D:3      | Reached XP level 6. HP: 37/38 MP: 6/6
  3027 | D:4      | Noticed a phantom
  3222 | D:4      | Reached skill level 5 in Shields
  3451 | D:4      | Reached skill level 5 in Armour
  3497 | D:4      | Reached XP level 7. HP: 44/44 MP: 7/7
  3600 | D:4      | Found a deep blue altar of Sif Muna.
  3659 | D:4      | Reached skill level 5 in Fighting
  3688 | D:4      | Found an opulent altar of Gozag.
  3910 | D:5      | Entered Level 5 of the Dungeon
  4017 | D:5      | Found a staircase to the Ecumenical Temple.
  4051 | Temple   | Entered the Ecumenical Temple
  4184 | Temple   | Became a worshipper of Makhleb the Destroyer
  4348 | D:5      | Reached XP level 8. HP: 32/50 MP: 8/8
  4464 | D:5      | Found a glowing silver altar of Zin.
  4710 | D:5      | Gained mutation: Your mind is acute. (Int +2) [potion of mutation]
  4710 | D:5      | Lost mutation: Your mind is acute. (Int +2) [potion of mutation]
  4710 | D:5      | Gained mutation: You are frail. (-10% HP) [potion of mutation]
  4711 | D:5      | Gained mutation: You have sharp fingernails. [potion of mutation]
  4711 | D:5      | Gained mutation: Your body sometimes deteriorates upon taking damage. [potion of mutation]
  4711 | D:5      | Gained mutation: Scrolls take you a little longer to read. [potion of mutation]
  5190 | D:6      | Reached skill level 5 in Maces & Flails
  5245 | D:6      | Reached * piety under Makhleb
  5424 | D:6      | Found a hazy altar of Hepliaklqana.
  6075 | D:6      | Reached XP level 9. HP: 47/50 MP: 9/9
  6151 | D:7      | Found a snail-covered altar of Cheibriados.
  6217 | D:7      | Found an iron altar of Okawaru.
  6315 | D:7      | Reached ** piety under Makhleb
  6971 | D:8      | Found a bloodstained altar of Trog.
  7370 | D:8      | Reached *** piety under Makhleb
  7667 | D:8      | Reached XP level 10. HP: 57/57 MP: 10/10
  8213 | D:9      | Found a staircase to the Lair.
  8602 | D:9      | Identified a scroll of acquirement
  8608 | D:10     | Entered Level 10 of the Dungeon
  8661 | D:10     | Reached skill level 1 in Stealth
  9058 | D:10     | Reached **** piety under Makhleb
  9262 | D:10     | Found a staircase to the Orcish Mines.
  9932 | D:11     | Reached XP level 11. HP: 34/63 MP: 11/11
 10105 | D:11     | Reached skill level 5 in Stealth
 10354 | D:11     | Noticed a hill giant
 10376 | D:11     | Killed a hill giant
 10551 | Lair:1   | Entered Level 1 of the Lair of Beasts
 10790 | Lair:1   | Reached skill level 10 in Shields
 10877 | Lair:1   | Noticed a six-headed hydra
 10887 | Lair:1   | Killed a six-headed hydra
 10887 | Lair:1   | Reached skill level 10 in Fighting
 10887 | Lair:1   | Reached skill level 10 in Armour
 11426 | Lair:2   | Got a translucent leather armour
 11437 | Lair:2   | Identified the +1 leather armour of Courage {rC+ Str+2 Int+2} (You found it on level 2 of the Lair of Beasts)
 11683 | Lair:2   | Reached ***** piety under Makhleb
 11843 | Lair:2   | Gained mutation: Your mind is acute. (Int +2) [potion of mutation]
 11843 | Lair:2   | Gained mutation: You tend to lose your temper in combat. [potion of mutation]
 11843 | Lair:2   | Gained mutation: You are partially covered in molten scales. (AC +2) [potion of mutation]
 11951 | Lair:2   | Found a hole to the Spider Nest.
 11951 | Lair:2   | Noticed an orb spider
 11964 | Lair:2   | Killed an orb spider
 12060 | Lair:3   | Reached XP level 12. HP: 70/70 MP: 12/12
 12261 | Lair:3   | Noticed Rupert
 12287 | Lair:3   | Slain by Rupert

Skill      XL: |  1  2  3  4  5  6  7  8  9 10 11 12 |
---------------+-------------------------------------+-----
Armour         | 4 5 6 8 9 10 | 10.4
Shields        | 4 5 7 8 9 10 | 10.7
Maces & Flails | 3 4 5 7 8 9 |  9.6
Fighting       | 4 5 6 8 9 10 | 10.4
Stealth        | 4 8 9 |  9.0
Dodging        | |  0.4

Action                   |  1- 3 |  4- 6 |  7- 9 | 10-12 || total
-------------------------+-------+-------+-------+-------++-------
Melee: Flail             |   166 |   263 |    79 |   180 ||   688
       Mace              |       |       |   390 |   392 ||   782
  Use: Scroll            |       |     3 |    18 |    14 ||    35
       Potion            |       |       |     2 |     4 ||     6
  Eat: Chunk             |     2 |     7 |    30 |    25 ||    64
Armor: Scale mail        |   123 |   128 |   214 |   119 ||   584
       Plate armour      |       |       |       |   131 ||   131
Dodge: Dodged            |    70 |    87 |   159 |   254 ||   570
Block: Shield            |   109 |   110 |   301 |   418 ||   938
